[Event "Early-Titled-Tuesday-Blitz-April-16-2024"]
[Site "Chess.com"]
[Date "2024.04.16"]
[Round "3"]
[White "only_strong_moves"]
[Black "sorch29"]
[Result "1-0"]
[WhiteElo "2636"]
[BlackElo "2467"]
[TimeControl "180+1"]
[EndTime "8:27:45 PDT"]
[Termination "only_strong_moves won by resignation"]

1. d4 Nf6 2. c4 e6 3. Nf3 d5 4.
Nc3 Be7 5. Bf4 O-O 6. e3 b6 7. cxd5 Nxd5 8. Nxd5 Qxd5 9. Bd3 Qa5+ 10. Nd2 Ba6 11. Bxa6 Qxa6 12. Qe2 c5 13. Bxb8 Qxe2+ 14.
Kxe2 Raxb8 15. dxc5 Bxc5 16. Rac1 Rfc8 17. Ne4 Kf8 18.
Rhd1 Ke8 19. a3 Be7 20. f4 Rxc1 21. Rxc1 Kd7 22. Rd1+ Ke8 23. Rc1 Kd7 24. Kd3 Rc8 25. Rxc8 Kxc8 26. g4 Kd7 27. b4 Kc6 28. Kc4 b5+ 29.
Kd4 Bd8 30. h3 Bb6+ 31. Kd3 Bd8 32. Nc3 Bf6 33. Ne2 Bb2 34. Kc2 Bf6 35. g5 Be7 36.
Nd4+ Kb6 37. h4 a6 38. Nf3 Bd6 39. Kc3 a5 40. Nh2 axb4+ 41. axb4 Kc6 42. Nf3 Kb6 43. Nd2 Kc6 44. h5 h6 45. Ne4 Kd5 46. Nf2 Be7 47. e4+ Kd6 48. gxh6 gxh6 49. Ng4 Bf8 50. Kd4 Kc7 51.
e5 Bxb4 52. Nxh6 Bf8 53. Nxf7 Kd7 54. h6 Ke7 55. h7 Bg7 56. h8=Q Bxh8 57. Nxh8 1-0

[Event "Early-Titled-Tuesday-Blitz-April-16-2024"]
[Site "Chess.com"]
[Date "2024.04.16"]
[Round "3"]
[White "Daaksboy"]
[Black "JG-17"]
[Result "1-0"]
[WhiteElo "2179"]
[BlackElo "2529"]
[TimeControl "180+1"]
[EndTime "8:27:51 PDT"]
[Termination "Daaksboy won by checkmate"]

1. d4 d6 2. Nf3 Nf6 3. c4 Bg4 4. Nc3 g6 5. e4 Bg7 6. Be2 Nbd7 7. O-O e5 8. Be3 O-O 9. d5 a5 10. Qc2 Nc5 11. Bxc5 Bxf3 12. Bxd6 Bxe4 13. Nxe4 cxd6 14. Nc3 Nd7 15. a3 Rc8 16. b4 Nb6 17. Qb3 axb4 18.
axb4 Qh4 19. c5 dxc5 20. bxc5 Rxc5 21. Qxb6 Rxc3 22. Qxb7 e4 23. g3 Qg5 24. d6 Rc2 25.
Qxe4 Qd2 26. Bd3 Rb2 27. Rad1 Qc3 28. d7 Bf6 29. Qf4 Rb4 30. Qd6 Rbb8 31. Rfe1 Rbd8 32. Bb5 Qb2 33. Re8 Qxb5 34. Qxf8# 1-0

[Event "Early-Titled-Tuesday-Blitz-April-16-2024"]
[Site "Chess.com"]
[Date "2024.04.16"]
[Round "3"]
[White "FairChess_on_YouTube"]
[Black "ValentunHulka"]
[Result "1-0"]
[WhiteElo "3082"]
[BlackElo "2791"]
[TimeControl "180+1"]
[EndTime "8:27:52 PDT"]
[Termination "FairChess_on_YouTube won by resignation"]

1. c4 e5 2. Nc3 Bb4 3. Nd5 Be7 4. Nf3 d6 5. d4 Nf6 6. Nxe7 Qxe7 7. e3 O-O 8. Be2 Bf5 9. O-O Nc6 10. b3 h6 11.
Ba3 Rfe8 12. Rc1 Rad8 13. dxe5 Nxe5 14. Bb2 Nxf3+ 15. Bxf3 c6 16. Qd4 c5 17. Qf4 Be4 18.
Bxf6 Qxf6 19. Qxf6 gxf6 20. Bxe4 Rxe4 21. Rfd1 Kf8 22.
g3 Ke7 23. Kg2 Ke6 24. Rd3 b6 25. Rcd1 Re5 26. f4 Re4 27. Kf3 f5 28. Rd5 h5 29. h3 b5 30. g4 hxg4+ 31. hxg4 Kf6 32. Rxf5+ 1-0

[Event "Early-Titled-Tuesday-Blitz-April-16-2024"]
[Site "Chess.com"]
[Date "2024.04.16"]
[Round "3"]
[White "Aleksandar-Topalov"]
[Black "Kotofeyca"]
[Result "1-0"]
[WhiteElo "2342"]
[BlackElo "2504"]
[TimeControl "180+1"]
[EndTime "8:27:52 PDT"]
[Termination "Aleksandar-Topalov won by resignation"]

1. b3 d5 2. Bb2 Bg4 3. g3 c6 4. Bg2 Nd7 5. Nf3 e6 6. O-O Ngf6 7. d3 Bc5 8. Nbd2 Qe7 9. a3 O-O 10. Re1 Bh5 11. h3 a5 12. e4 dxe4 13. dxe4 e5 14. g4 Bg6 15. Nh4 Rfe8 16. Nf5 Bxf5 17. exf5 Nd5 18.
Ne4 f6 19. Bf1 Red8 20. Qf3 Kh8 21. Red1 N7b6 22. c4 Nf4 23. a4 Rxd1 24. Rxd1 Rd8 25. Nxc5 Rxd1 26. Qxd1 g6 27. Ne4 gxf5 28. gxf5 Nd7 29. Qd6 Qg7+ 30. Kh2 h5 31. Nxf6 Qxf6 32. Qxf6+ Nxf6 33. Bxe5 Kg7 34. Bxf4 1-0

[Event "Early-Titled-Tuesday-Blitz-April-16-2024"]
[Site "Chess.com"]
[Date "2024.04.16"]
[Round "3"]
[White "LuisFSiles"]
[Black "JiiHart"]
[Result "1-0"]
[WhiteElo "2374"]
[BlackElo "2155"]
[TimeControl "180+1"]
[EndTime "8:27:52 PDT"]
[Termination "LuisFSiles won on time"]

1. e4 c5 2. Nf3 Nc6 3. c3 d5 4.
exd5 Qxd5 5. d4 cxd4 6. cxd4 Bg4 7. Be2 e6 8. O-O Nf6 9. h3 Bh5 10. Nc3 Qa5 11. a3 Be7 12. Be3 O-O 13. Qb3 Qc7 14. Rac1 Rfd8 15. Rfd1 Rac8 16. g4 Bg6 17. d5 exd5 18. Nxd5 Nxd5 19. Rxd5 Rxd5 20. Qxd5 Rd8 21. Qb3 a6 22. Bb6 Qf4 23. Be3 Qc7 24. Bb6 Qf4 25. Rc4 Qd6 26. Bxd8 Bxd8 27. Rc1 Bc7 28. Rd1 Qf4 29.
Qe3 Qxe3 30. fxe3 h6 31. Rd7 Bb6 32. Rxb7 Bxe3+ 33. Kf1 1-0

[Event "Early-Titled-Tuesday-Blitz-April-16-2024"]
[Site "Chess.com"]
[Date "2024.04.16"]
[Round "3"]
[White "KorolDimitriy75"]
[Black "Let_it_be_1"]
[Result "0-1"]
[WhiteElo "2308"]
[BlackElo "2590"]
[TimeControl "180+1"]
[EndTime "8:27:54 PDT"]
[Termination "Let_it_be_1 won on time"]

1. d4 d5 2. c4 e6 3. Nc3 Be7 4.
cxd5 exd5 5. Bf4 c6 6. e3 Bf5 7. g4 Be6 8. h4 Nd7 9. g5 h6 10. gxh6 Nxh6 11. Nf3 Bg4 12. Be2 Nf5 13. Ne5 Bxe2 14.
Qxe2 Nxe5 15. Bxe5 Rxh4 16. Rxh4 Bxh4 17. O-O-O Qe7 18.
e4 dxe4 19. Nxe4 O-O-O 20. Qg4 g6 21. Kb1 Qe6 22. Ng3 Bxg3 23. fxg3 f6 24. Bf4 Qe4+ 25. Ka1 g5 26. d5 gxf4 27. dxc6 Rxd1+ 28. Qxd1 bxc6 29. gxf4 Ne3 0-1

[Event "Early-Titled-Tuesday-Blitz-April-16-2024"]
[Site "Chess.com"]
[Date "2024.04.16"]
[Round "3"]
[White "rionelG"]
[Black "cansun"]
[Result "1-0"]
[WhiteElo "2213"]
[BlackElo "2403"]
[TimeControl "180+1"]
[EndTime "8:27:54 PDT"]
[Termination "rionelG won by resignation"]

1. e4 c5 2. g3 Nc6 3. Bg2 g6 4. Ne2 Bg7 5. c3 e6 6. d4 cxd4 7.
cxd4 d5 8. exd5 exd5 9. Nbc3 Nge7 10. O-O O-O 11. Bg5 Be6 12. Bxe7 Nxe7 13. Nf4 Qb6 14. Na4 Qxd4 15. Qxd4 Bxd4 16. Rad1 Nc6 17. Nxd5 Rfd8 18. Nc7 Rac8 19. Nxe6 fxe6 20. Bh3 Rd6 21.
Nc3 Rcd8 22. Ne4 Bxf2+ 23. Nxf2 Rd2 24. Bxe6+ Kg7 25. Bb3 Rxb2 26. Rxd8 Nxd8 27. Rd1 Nc6 28. Rd7+ Kf6 29. Rf7+ Ke5 30. Nd3+ 1-0

[Event "Early-Titled-Tuesday-Blitz-April-16-2024"]
[Site "Chess.com"]
[Date "2024.04.16"]
[Round "3"]
[White "kripri"]
[Black "JAN2404"]
[Result "1-0"]
[WhiteElo "2344"]
[BlackElo "1911"]
[TimeControl "180+1"]
[EndTime "8:27:54 PDT"]
[Termination "kripri won by resignation"]

1. e4 c5 2. Nf3 d6 3. d4 cxd4 4. Nxd4 Nf6 5. Nc3 Nc6 6. Bg5 e6 7. f3 Bd7 8. Qd2 a6 9. O-O-O b5 10. h4 Be7 11. g4 Rc8 12. Kb1 Ne5 13. Bxf6 Bxf6 14. g5 Be7 15. f4 Nc4 16. Bxc4 Rxc4 17. Qd3 Qc7 18. f5 b4 19. fxe6 Bxe6 20. Nxe6 fxe6 21.
Ne2 Qc6 22. Nd4 Qc8 23. Rhf1 Kd7 24. Qh3 Rxd4 25. Rxd4 Qc5 26. Rfd1 a5 27. Rd5 Qc7 28. e5 Rc8 29. R5d2 d5 30. Rxd5+ Ke8 31. R5d2 a4 32. Qxe6 1-0

[Event "Early-Titled-Tuesday-Blitz-April-16-2024"]
[Site "Chess.com"]
[Date "2024.04.16"]
[Round "3"]
[White "Kostukov_Alex"]
[Black "Happy1712Drummer"]
[Result "1-0"]
[WhiteElo "2276"]
[BlackElo "2483"]
[TimeControl "180+1"]
[EndTime "8:27:55 PDT"]
[Termination "Kostukov_Alex won by resignation"]

1. g3 d5 2. Bg2 c5 3. d3 g6 4. e4 d4 5. f4 Bg7 6. Nf3 Nc6 7.
O-O Nf6 8. a4 O-O 9. Na3 Bg4 10.
h3 Bd7 11. Nc4 a6 12. a5 Ne8 13. Bd2 Nd6 14. Nb6 Rb8 15. Nxd7 Qxd7 16. g4 Qc7 17. f5 Ne5 18. b3 Nb5 19. Bf4 Nc3 20.
Qd2 Rbd8 21. g5 Nxf3+ 22. Rxf3 Be5 23. Raf1 Bxf4 24. Rxf4 Qxa5 25. f6 exf6 26. gxf6 h5 27. Rf5 Kh7 28. Rxh5+ gxh5 29. Qg5 Ne2+ 30. Kh2 Qc7+ 31.
e5 1-0

[Event "Early-Titled-Tuesday-Blitz-April-16-2024"]
[Site "Chess.com"]
[Date "2024.04.16"]
[Round "3"]
[White "TheoSlade"]
[Black "scarabee43"]
[Result "0-1"]
[WhiteElo "2374"]
[BlackElo "2832"]
[TimeControl "180+1"]
[EndTime "8:27:56 PDT"]
[Termination "scarabee43 won by resignation"]

1. d4 Nf6 2. c4 e6 3. g3 d5 4. Bg2 Be7 5. Nf3 O-O 6. O-O a5 7. cxd5 exd5 8. Nc3 c6 9. Re1 Re8 10. Bg5 Nbd7 11. Ne5 Nxe5 12. dxe5 Ng4 13. Bxe7 Qxe7 14.
e4 d4 15. Qxd4 Rd8 16. Nd5 cxd5 17. exd5 Qb4 18. Rad1 Qxd4 19. Rxd4 Nh6 20. Rc4 Bf5 21.
Rc7 Rd7 22. Rec1 Rxc7 23. Rxc7 Rc8 24. Rxb7 Rc1+ 25. Bf1 g5 26. Kg2 Be4+ 27. f3 Bxd5 28. Rb5 Rc2+ 29. Kg1 Bxf3 30. a4 Ng4 31. h3 Ne3 32. Bd3 Rg2+ 33. Kh1 Rxb2+ 34. Kg1 Rg2+ 35. Kh1 Rxg3+ 36. Kh2 Rg2+ 37. Kh1 Rd2+ 38. Kg1 Rxd3 39. Kf2 Nd1+ 40. Ke1 Nc3 41. Rxa5 Ne4 42. Rd5 Rxd5 0-1

[Event "Early-Titled-Tuesday-Blitz-April-16-2024"]
[Site "Chess.com"]
[Date "2024.04.16"]
[Round "3"]
[White "Mikhail_Golubev"]
[Black "ccccvhhhj"]
[Result "0-1"]
[WhiteElo "2595"]
[BlackElo "2446"]
[TimeControl "180+1"]
[EndTime "8:27:56 PDT"]
[Termination "ccccvhhhj won on time"]

1. e4 e6 2. d4 d5 3. e5 c5 4. c3 Nc6 5. Nf3 Bd7 6. Be2 Qc7 7. O-O f6 8. Re1 O-O-O 9. Bf4 h6 10. c4 g5 11. Bg3 g4 12. exf6 Bd6 13. Bxd6 Qxd6 14.
Ne5 Nxe5 15. dxe5 Qxe5 16. Bxg4 Qxf6 17. cxd5 Ne7 18. d6 Nc6 19. Nc3 Rhg8 20. Ne4 Qg6 21. Bh3 e5 22. Bxd7+ Rxd7 23. g3 Nd4 24. Rc1 Rf7 25. Nxc5 Kb8 26. Rc3 Qxd6 27. Ne4 Qd5 28. Qc1 a6 29. Rce3 Rc8 30. Qd1 Rd8 31. Qh5 Rc7 32. Kg2 Rc2 33. h4 Rf8 0-1

[Event "Early-Titled-Tuesday-Blitz-April-16-2024"]
[Site "Chess.com"]
[Date "2024.04.16"]
[Round "3"]
[White "GMCarbone"]
[Black "Der_Balak_3Halak"]
[Result "0-1"]
[WhiteElo "2589"]
[BlackElo "2439"]
[TimeControl "180+1"]
[EndTime "8:27:56 PDT"]
[Termination "Der_Balak_3Halak won by resignation"]

1. d4 d5 2. c4 c6 3. Nf3 Nf6 4. e3 e6 5. Nc3 Bd6 6. Qc2 Nbd7 7. Bd3 dxc4 8. Bxc4 b5 9. Be2 Bb7 10. e4 e5 11. dxe5 Nxe5 12. Nd4 O-O 13. Nf5 b4 14. Na4 c5 15. Nxd6 Qxd6 16. Nxc5 Qc7 17. Bf4 Nxe4 18. Rc1 Rac8 19. Be3 Nd7 20. Nxb7 Qxb7 21. Qd1 Ne5 22. O-O Rfd8 23. Rxc8 Qxc8 24. Qa4 Nd3 25. Bxd3 Rxd3 26. Qxb4 Qe8 27. Bxa7 Nd2 28. h3 Nxf1 29. Qb5 Qxb5 0-1

[Event "Early-Titled-Tuesday-Blitz-April-16-2024"]
[Site "Chess.com"]
[Date "2024.04.16"]
[Round "3"]
[White "IM_ArthurDW08"]
[Black "DeArron_Fox"]
[Result "1-0"]
[WhiteElo "2741"]
[BlackElo "2519"]
[TimeControl "180+1"]
[EndTime "8:27:57 PDT"]
[Termination "IM_ArthurDW08 won on time"]

1. e4 c5 2. Nf3 e6 3. d4 cxd4 4. Nxd4 a6 5. g4 Nf6 6. Nc3 d6 7. g5 Nfd7 8. h4 b5 9. a3 Bb7 10. h5 Nc6 11. Nxc6 Bxc6 12. Be3 Nc5 13. Qg4 Qc7 14.
O-O-O Rb8 15. b4 Na4 16. Nxa4 bxa4 17. Bxa6 d5 18. g6 hxg6 19. hxg6 Rxh1 20. Rxh1 dxe4 21. Bf4 e5 22. gxf7+ Qxf7 23. Bxe5 Ra8 24. Rd1 Rxa6 25. Qc8+ Ke7 26. Qxa6 1-0

[Event "Early-Titled-Tuesday-Blitz-April-16-2024"]
[Site "Chess.com"]
[Date "2024.04.16"]
[Round "3"]
[White "colegiodemadrid"]
[Black "pfalcon1949"]
[Result "1-0"]
[WhiteElo "2542"]
[BlackElo "1919"]
[TimeControl "180+1"]
[EndTime "8:27:57 PDT"]
[Termination "colegiodemadrid won by resignation"]

1. Nf3 d5 2. g3 Nf6 3. Bg2 e6 4.
c4 Be7 5. b3 O-O 6. Bb2 c6 7.
e3 Nbd7 8. Nc3 b6 9. Rc1 Bb7 10.
O-O Rc8 11. Re1 a6 12. d3 Re8 13. e4 Nf8 14. e5 N6d7 15. cxd5 cxd5 16. d4 Bb4 17. h4 h6 18. Re3 Ng6 19. Ne2 Ne7 20.
a3 Nf5 21. axb4 Nxe3 22. fxe3 Qe7 23. Bc3 f6 24. exf6 Nxf6 25. Ne5 Ne4 26. Bxe4 dxe4 27.
Nf4 Bd5 28. Kh2 b5 29. Be1 g5 30. Nfg6 Qf6 31. Ng4 Qxg6 32. h5 Qg7 33. Rc5 Rxc5 34. bxc5 Kh7 35. Ba5 Rf8 36. Ne5 Qf6 37. Qe2 Qf2+ 38.
Qxf2 Rxf2+ 39. Kg1 Rb2 40. b4 Kg7 41. c6 Bxc6 42.
Nxc6 Re2 43. Bb6 Rxe3 44. d5 exd5 45. Bxe3 Kf6 46. g4 Ke6 47. Nd4+ Ke5 48. Kf2 Kd6 49.
Nf5+ Ke5 50. Kg3 Ke6 51. Nxh6 Ke5 52. Nf5 Ke6 53. h6 Ke5 54. h7 1-0

[Event "Early-Titled-Tuesday-Blitz-April-16-2024"]
[Site "Chess.com"]
[Date "2024.04.16"]
[Round "3"]
[White "PedroGil25"]
[Black "Yeritsyaan"]
[Result "0-1"]
[WhiteElo "2501"]
[BlackElo "2659"]
[TimeControl "180+1"]
[EndTime "8:28:00 PDT"]
[Termination "Yeritsyaan won by resignation"]

1. c4 Nf6 2. Nf3 e6 3. g3 c5 4. Bg2 b6 5. O-O Bb7 6. b3 d6 7. Bb2 Be7 8. Nc3 a6 9. Rc1 O-O 10. Re1 Nbd7 11. e4 Qc7 12. d4 cxd4 13.
Nxd4 Rac8 14. Qe2 Qb8 15. h3 Rfe8 16. Red1 Bf8 17. Qd2 g6 18. Kh2 Nc5 19. Re1 Qa8 20. Qc2 Bg7 21. Rcd1 h5 22. Kh1 h4 23. g4 Qb8 24. f4 d5 25. e5 Nfe4 26. Nxe4 Nxe4 27. Kh2 g5 28. Nf3 gxf4 29. Qb1 b5 30. cxb5 axb5 31.
Rc1 b4 32. Qd3 Rxc1 33. Rxc1 Rc8 34. Rxc8+ Qxc8 35. Nxh4 Ba6 36. Qd1 Nc3 37. Qc2 Bxe5 38. Nf3 Bg7 39. Ng5 Qc7 40. Qh7+ Kf8 41. Nf3 Be2 42. g5 e5 43. g6 Bxf3 44. Bxf3 e4 45.
gxf7 Qxf7 46. Bh5 Qf6 47. Bg4 f3 48. Kg1 Ne2+ 0-1

[Event "Early-Titled-Tuesday-Blitz-April-16-2024"]
[Site "Chess.com"]
[Date "2024.04.16"]
[Round "3"]
[White "shirovin"]
[Black "bobo_panda"]
[Result "0-1"]
[WhiteElo "2053"]
[BlackElo "2348"]
[TimeControl "180+1"]
[EndTime "8:28:00 PDT"]
[Termination "bobo_panda won on time"]

1. e4 c5 2. Nf3 d6 3. Bb5+ Nd7 4. c3 a6 5. Bd3 Ngf6 6. Bc2 g6 7. d4 e5 8. O-O Bg7 9. h3 O-O 10. Be3 b6 11.
Qd2 Bb7 12. d5 c4 13. a4 Rc8 14.
Na3 Nc5 15. Bg5 Nfxe4 16. Bxd8 Nxd2 17. Nxd2 Rfxd8 18. Naxc4 b5 19. axb5 axb5 20. Ne3 f5 21.
b4 Na6 22. Ra3 f4 23. Ng4 Nc7 24. Be4 Bxd5 25. Rfa1 Be6 26. Ra7 Nd5 27. Bxd5 Bxd5 28. R1a3 h5 29. Nh2 e4 30. Nhf1 Bxc3 31. Nb1 Bxb4 32. R3a6 Bc5 0-1

[Event "Early-Titled-Tuesday-Blitz-April-16-2024"]
[Site "Chess.com"]
[Date "2024.04.16"]
[Round "3"]
[White "Nikolakis2014"]
[Black "Orphanator2009"]
[Result "1/2-1/2"]
[WhiteElo "2727"]
[BlackElo "2524"]
[TimeControl "180+1"]
[EndTime "8:28:01 PDT"]
[Termination "Game drawn by agreement"]

1. Nf3 Nf6 2. c4 e6 3. g3 d5 4.
d4 Be7 5. Bg2 O-O 6. O-O dxc4 7.
Qc2 a6 8. a4 Bd7 9. Qxc4 Bc6 10.
Bf4 Bd6 11. Qc1 Bxf4 12. Qxf4 a5 13. Nc3 Bxf3 14. Bxf3 c6 15. Rfd1 Na6 16. e4 Nb4 17. Rac1 Qe7 18. Qe3 Rfe8 19. e5 Nfd5 20. Bxd5 Nxd5 21.
Nxd5 cxd5 22. Qb3 Rec8 23. Rc2 Rc7 24. Rdc1 Rac8 25. Qxb7 Rxb7 26. Rxc8+ Qf8 27. R1c5 Rxb2 28. Rxf8+ Kxf8 29. Rxa5 Rb4 30. Ra8+ Ke7 31. Ra7+ Kf8 32.
a5 Rxd4 33. Rb7 Ra4 34. Rb5 d4 35. f4 Ra2 36. Rb4 Rxa5 37. Rxd4 g6 38. Kg2 h5 1/2-1/2

[Event "Early-Titled-Tuesday-Blitz-April-16-2024"]
[Site "Chess.com"]
[Date "2024.04.16"]
[Round "3"]
[White "Trendle"]
[Black "Laico"]
[Result "1-0"]
[WhiteElo "2622"]
[BlackElo "2444"]
[TimeControl "180+1"]
[EndTime "8:28:02 PDT"]
[Termination "Trendle won by resignation"]

1. d4 e6 2. Nf3 f5 3. g3 b6 4. Bg2 Bb7 5. O-O Nf6 6. c4 Be7 7.
a3 O-O 8. b4 Qe8 9. Nc3 Ne4 10.
Bb2 Nxc3 11. Bxc3 Bf6 12. Rc1 d6 13. d5 e5 14. e4 Qh5 15. exf5 Qxf5 16. Nd2 Nd7 17.
Ne4 Rae8 18. h4 Qg6 19. h5 Qf7 20. g4 Bh4 21. Qd3 Nf6 22. Bd2 Nxe4 23. Bxe4 Bxf2+ 24.
Kg2 Qe7 25. Bxh7+ Kh8 26. Bf5 e4 27. Qh3 e3 28. Bc3 Rxf5 29. gxf5 Qg5+ 30. Kh1 Re4 31.
Rg1 Bxg1 32. Rxg1 Rh4 33. Rxg5 Rxh3+ 34. Kg2 e2 35. Kxh3 1-0

[Event "Early-Titled-Tuesday-Blitz-April-16-2024"]
[Site "Chess.com"]
[Date "2024.04.16"]
[Round "3"]
[White "imdvb6307"]
[Black "CrazyMartian"]
[Result "0-1"]
[WhiteElo "2515"]
[BlackElo "2354"]
[TimeControl "180+1"]
[EndTime "8:28:02 PDT"]
[Termination "CrazyMartian won by checkmate"]

1. d4 d5 2. Nf3 Nf6 3. e3 c6 4.
c4 e6 5. Nbd2 Nbd7 6. Bd3 Bd6 7.
O-O O-O 8. e4 Nxe4 9. Nxe4 dxe4 10. Bxe4 Nf6 11. Bc2 h6 12. Bd2 c5 13. dxc5 Bxc5 14.
Bc3 Qxd1 15. Raxd1 Be7 16. Ne5 a5 17. a3 a4 18. Bb4 Bxb4 19. axb4 a3 20. Ra1 a2 21. Rfd1 b6 22. Bb3 Bb7 23. Rxa2 Rxa2 24. Bxa2 Ra8 25. Bb3 g5 26. f3 Kg7 27. Kf2 h5 28. g3 g4 29. f4 Ne4+ 30. Ke3 Nf6 31. Rd6 Ra1 32. Rxb6 Bh1 33. Kd4 Rb1 34. Ba4 Rxb2 35. Kc5 Ne4+ 36.
Kb5 Nc3+ 37. Ka5 Ra2 38. b5 Rxa4# 0-1

[Event "Early-Titled-Tuesday-Blitz-April-16-2024"]
[Site "Chess.com"]
[Date "2024.04.16"]
[Round "3"]
[White "platy3"]
[Black "vladgoncharov"]
[Result "1-0"]
[WhiteElo "2912"]
[BlackElo "2601"]
[TimeControl "180+1"]
[EndTime "8:28:03 PDT"]
[Termination "platy3 won by resignation"]

1. e4 e6 2. d4 d5 3. Nc3 Nf6 4. e5 Nfd7 5. f4 c5 6. Nf3 Nc6 7. Be3 a6 8. Qd2 b5 9. dxc5 Bxc5 10. Bd3 Qb6 11. Bf2 Bxf2+ 12. Qxf2 Qxf2+ 13. Kxf2 Nb6 14. Ne2 Bd7 15. Ned4 Nxd4 16. Nxd4 Ke7 17. b3 f6 18. Rhe1 f5 19. Ke3 h6 20. g4 g6 21.
Rg1 Rag8 22. Rg3 Kf7 23. Rag1 Nc8 24. gxf5 gxf5 25. Rxg8 Rxg8 26. Rxg8 Kxg8 27. Kd2 Ne7 28. Kc3 Ng6 29. Ne2 Kf7 30. Kb4 Ke7 31. Ka5 Nh4 32.
Kxa6 Nf3 33. h3 Ne1 34. Bxb5 Nxc2 35. Bxd7 Kxd7 36. Kb5 Kc7 37. a4 Kb7 38. a5 Ka7 39. Kc5 Ka6 40. b4 Ka7 41. b5 Kb7 42. Kd6 d4 43. Kxe6 d3 44. Nc3 d2 45. Kxf5 Nd4+ 46. Ke4 Nxb5 47. Nd1 Ka6 48. f5 Kxa5 49. f6 Nc7 50. Kf5 Kb4 51. f7 1-0

[Event "Early-Titled-Tuesday-Blitz-April-16-2024"]
[Site "Chess.com"]
[Date "2024.04.16"]
[Round "3"]
[White "Dzidzik2203"]
[Black "PolandHussars"]
[Result "0-1"]
[WhiteElo "2412"]
[BlackElo "2602"]
[TimeControl "180+1"]
[EndTime "8:28:03 PDT"]
[Termination "PolandHussars won by resignation"]

1. b3 d5 2. Nf3 Nf6 3. Bb2 e6 4. e3 Be7 5. c4 O-O 6. Nc3 a6 7.
g4 Ne4 8. Qc2 Nxc3 9. dxc3 Nd7 10. O-O-O c6 11. h4 Re8 12. g5 Nf8 13. Bd3 Qc7 14.
Rdg1 e5 15. e4 dxc4 16. Bxc4 b5 17. Be2 Bc5 18. Rg2 a5 19. h5 Ra7 20. c4 b4 21.
Ba1 a4 22. Kb1 axb3 23. axb3 Bd7 24. Qb2 Rea8 25. Qxe5 Rxa1+ 26. Qxa1 Rxa1+ 27. Kxa1 Bxf2 28. g6 fxg6 29. hxg6 Nxg6 30. c5 Be6 31. Rxf2 Qa7+ 32. Kb1 Bxb3 33. Bd1 Bxd1 34. Rxd1 h6 35. Rd8+ Kh7 36.
Rh2 Qxc5 37. e5 Nxe5 38. Ng5+ Kg6 39. Ne4 Qg1+ 0-1

[Event "Early-Titled-Tuesday-Blitz-April-16-2024"]
[Site "Chess.com"]
[Date "2024.04.16"]
[Round "3"]
[White "ansko1999"]
[Black "DanylaBagrov"]
[Result "1-0"]
[WhiteElo "2637"]
[BlackElo "2471"]
[TimeControl "180+1"]
[EndTime "8:28:05 PDT"]
[Termination "ansko1999 won by resignation"]

1. c4 e6 2. d4 d5 3. Nc3 c5 4. cxd5 exd5 5. Nf3 Nc6 6. g3 Nf6 7. Bg2 c4 8. O-O Bb4 9. Bd2 O-O 10. b3 Bxc3 11.
Bxc3 Ne4 12. Be1 b5 13. a4 Qb6 14. axb5 Qxb5 15. bxc4 dxc4 16. Ne5 Nxe5 17. Ra5 Qb2 18. Bxe4 Bh3 19. Bxa8 Bxf1 20. Kxf1 Ng4 21. h3 Rxa8 22. hxg4 h6 23. Rc5 Qb7 24. d5 Rc8 25. Rxc8+ Qxc8 26. Qd4 Kf8 27. Bb4+ Ke8 28. Qe5+ 1-0

[Event "Early-Titled-Tuesday-Blitz-April-16-2024"]
[Site "Chess.com"]
[Date "2024.04.16"]
[Round "3"]
[White "Nf3c5"]
[Black "ChessSG1"]
[Result "1-0"]
[WhiteElo "2613"]
[BlackElo "2428"]
[TimeControl "180+1"]
[EndTime "8:28:06 PDT"]
[Termination "Nf3c5 won by resignation"]

1. e4 c5 2. Nc3 g6 3. d4 cxd4 4. Qxd4 Nf6 5. Be3 Nc6 6. Qd2 Bg7 7. f3 O-O 8. Nge2 d5 9. exd5 Nb4 10. Nf4 Bf5 11. Rc1 Rc8 12. a3 Nxc2+ 13. Rxc2 Bxc2 14. Qxc2 g5 15. Nfe2 Nxd5 16. Bxg5 Qa5 17. Bd2 Rfd8 18.
g3 Nxc3 19. Nxc3 Qe5+ 20. Kf2 b5 21. Bh3 Rc7 22. Re1 Qc5+ 23. Be3 Bd4 24. Qe4 b4 25. axb4 Bxe3+ 26. Rxe3 Rd2+ 27. Ne2 Qb5 28. Bf1 Rcc2 29.
Qxe7 Qb6 30. Qe8+ Kg7 31. Qe5+ Kg8 32. Kg2 Qxb4 33. Qg5+ Kf8 34. Qh6+ 1-0

[Event "Early-Titled-Tuesday-Blitz-April-16-2024"]
[Site "Chess.com"]
[Date "2024.04.16"]
[Round "3"]
[White "JaackCamel"]
[Black "koncheto"]
[Result "0-1"]
[WhiteElo "2229"]
[BlackElo "2557"]
[TimeControl "180+1"]
[EndTime "8:28:08 PDT"]
[Termination "koncheto won by resignation"]

1. d4 Nf6 2. c4 e6 3. Nc3 c5 4. d5 exd5 5. cxd5 d6 6. e4 g6 7. f4 Bg7 8. Bb5+ Nfd7 9. Nf3 O-O 10. O-O Na6 11. Re1 Re8 12. h3 Nc7 13. Bf1 b6 14. Be3 Ba6 15. Bf2 Bxf1 16. Kxf1 b5 17. Qd3 Rb8 18.
Rad1 b4 19. Ne2 Nb5 20. b3 Qa5 21. Rd2 Nc3 22. Ng3 Nxa2 23. Rde2 Nc3 24. Re3 Qb5 25.
Qxb5 Rxb5 26. Ra1 Nxd5 27. Rxa7 Nxe3+ 28. Bxe3 Nf6 29. e5 Nd5 30. Bf2 dxe5 31. fxe5 Bxe5 32. Nxe5 Rxe5 33. Ne2 Nc3 34. Nxc3 bxc3 35. Bg3 Rf5+ 36. Ke2 Rxb3 37. Kd3 c2+ 0-1

[Event "Early-Titled-Tuesday-Blitz-April-16-2024"]
[Site "Chess.com"]
[Date "2024.04.16"]
[Round "3"]
[White "Binary010"]
[Black "le-castor-faineant"]
[Result "1-0"]
[WhiteElo "2789"]
[BlackElo "2328"]
[TimeControl "180+1"]
[EndTime "8:28:09 PDT"]
[Termination "Binary010 won on time"]

1. a3 e5 2. c4 Nf6 3. d3 d5 4. cxd5 Nxd5 5. Nf3 Nc6 6. e4 Nf6 7. Be2 Be7 8. O-O O-O 9. Be3 Be6 10. h3 a5 11. Nbd2 h6 12. Rc1 Qd7 13. Nc4 Bxc4 14. Rxc4 Rfd8 15. Qa4 Rab8 16. Qb5 Bd6 17. Rfc1 Re8 18.
Bd1 Ne7 19. Qxa5 Ng6 20. Qd2 Nh5 21. d4 exd4 22. Nxd4 Nhf4 23. Nf5 Rxe4 24. Nxd6 Rxc4 25. Nxc4 Nxh3+ 26. Kf1 Qf5 27. Qc2 Qh5 28. Bxh5 1-0

[Event "Early-Titled-Tuesday-Blitz-April-16-2024"]
[Site "Chess.com"]
[Date "2024.04.16"]
[Round "3"]
[White "gurelediz"]
[Black "GothamChess"]
[Result "1-0"]
[WhiteElo "2950"]
[BlackElo "2658"]
[TimeControl "180+1"]
[EndTime "8:28:10 PDT"]
[Termination "gurelediz won by resignation"]

1. e4 d5 2. exd5 Qxd5 3. Nc3 Qa5 4. d4 Nf6 5. Nf3 Bf5 6. Bd3 Bxd3 7. Qxd3 e6 8. O-O c6 9. Bd2 Qa6 10. Qe3 Be7 11.
Ne5 Nbd7 12. Rfe1 Nxe5 13. Qxe5 Rd8 14. Ne4 Nxe4 15. Rxe4 Bf6 16. Qf4 Qb6 17. Bc3 O-O 18. h3 Rd5 19. Rd1 Rfd8 20. Rd3 h6 21. b3 Qa6 22. a4 b5 23. axb5 cxb5 24. Bb4 Qa1+ 25. Kh2 a5 26. Bc5 Qb2 27. Rg3 Rf5 28. Qxh6 Rxc5 29. Qxf6 1-0

[Event "Early-Titled-Tuesday-Blitz-April-16-2024"]
[Site "Chess.com"]
[Date "2024.04.16"]
[Round "3"]
[White "Hikaru"]
[Black "JSPrepz"]
[Result "1-0"]
[WhiteElo "3274"]
[BlackElo "2818"]
[TimeControl "180+1"]
[EndTime "8:28:12 PDT"]
[Termination "Hikaru won by resignation"]

1. d4 Nf6 2. Bg5 d5 3. e3 e6 4.
c4 dxc4 5. Bxc4 Bb4+ 6. Nc3 c5 7.
Ne2 O-O 8. a3 Bxc3+ 9. bxc3 h6 10. Bh4 Nbd7 11. f3 Qc7 12. Bd3 b6 13. e4 Bb7 14.
O-O Rac8 15. a4 Rfe8 16. a5 bxa5 17. Qa4 e5 18. Qxa5 exd4 19. cxd4 cxd4 20. Qxc7 Rxc7 21. Nxd4 Nc5 22. Bb5 Rd8 23. Nf5 a6 24. Be2 Rd2 25. Rfe1 Kh7 26. Bf1 Nb3 27. Rab1 Nc5 28. Rec1 Nfxe4 29.
Be1 Ra2 30. fxe4 Bxe4 31. Bg3 Bxf5 32. Bxc7 Bxb1 33. Rxb1 Ne6 34. Be5 g6 35. Rb8 g5 36.
Bd3+ 1-0